 Dungeon Crawl Stone Soup version 0.19-a0-1670-gc28a5d9 (webtiles) character file.

1073 AlphabetPasta the Chopper (level 8, 0/66 HPs)
             Began as a Minotaur Summoner on Sept 20, 2016.
             Was an Initiate of Okawaru.
             Slain by a hill giant
             ... wielding a +0 giant spiked club
              (39 damage)
             ... on level 6 of the Dungeon on Sept 21, 2016.
             The game lasted 00:30:21 (5312 turns).

AlphabetPasta the Chopper (Minotaur Summoner)       Turns: 5312, Time: 00:30:23

Health: 0/66       AC:  3    Str: 13    XL:     8   Next: 7%
Magic:  5/10       EV: 14    Int: 12    God:    Okawaru [......]
Gold:   370        SH:  0    Dex: 13    Spells: 3 memorised, 6 levels left

rFire  . . .     SeeInvis .     a - +1 war axe (venom)
rCold  . . .     Gourm    .     u - +0 robe
rNeg   . . .     Faith    .     (no shield)
rPois  .         Spirit   .     (helmet restricted)
rElec  .         Dismiss  .     p - +0 cloak
rCorr  .         Reflect  .     (no gloves)
MR     .....     Harm     .     (no boots)
Stlth  ++........               (no amulet)
                                y - ring of wizardry
                                h - ring of flight

@: no status effects
A: retaliatory headbutt, horns 2
a: Renounce Religion, Evoke Flight


You were on level 6 of the Dungeon.
You worshipped Okawaru.
Okawaru was noncommittal.
You were hungry.

You visited 1 branch of the dungeon, and saw 6 of its levels.

You collected 370 gold pieces.

Inventory:

Hand Weapons
 a - a +1 war axe of venom (weapon)
 b - a +0 blowgun
 d - a +0 dagger
 e - a +0 club
 i - a +0 hand axe
 I - a +1 war axe
Missiles
 j - 11 tomahawks
 k - a tomahawk of returning (quivered)
 m - 64 bolts
 B - 4 curare-tipped needles
 G - 6 javelins
Armour
 l - a +0 chain mail
 p - a +0 cloak (worn)
 t - a +0 plate armour
 u - a +0 robe (worn)
Jewellery
 h - a ring of flight (left hand)
 o - an uncursed ring of stealth
 y - a ring of wizardry (right hand)
 J - an uncursed ring of stealth
Wands
 w - a wand of iceblast (4/15)
 L - a wand of acid (4/15)
 M - a wand of random effects (7/48)
Scrolls
 g - 6 scrolls of remove curse
 n - 3 scrolls of teleportation
 F - 2 scrolls of amnesia
 H - a scroll of blinking {unknown}
Potions
 f - a potion of agility {unknown}
 s - 3 potions of brilliance
 v - a potion of beneficial mutation {unknown}
 x - 3 potions of cure mutation {unknown}
 z - 2 potions of curing
 A - 2 potions of might {unknown}
 E - 2 potions of lignification
Books
 C - a book of Callings

   Spells                             Type                      Level
   a - Summon Small Mammal            Summoning                    1
   b - Call Imp                       Summoning                    2
   c - Call Canine Familiar           Summoning                    3
   d - Summon Guardian Golem          Hexes/Summoning              3
   e - Summon Lightning Spire         Summoning/Air                4
   f - Summon Ice Beast               Ice/Summoning                4
Comestibles
 c - 3 bread rations
 q - 3 beef jerkies
 r - a slice of pizza
 D - 2 meat rations
 K - 8 chunks of flesh


   Skills:
 + Level 4.1 Fighting
 + Level 5.3 Axes
 + Level 4.3 Armour
 + Level 4.3 Dodging
 - Level 1.5 Stealth
 + Level 2.5 Spellcasting
 + Level 4.0 Summonings
 + Level 1.3 Invocations


You had 6 spell levels left.
You knew the following spells:

 Your Spells              Type           Power        Failure   Level  Hunger
a - Summon Small Mammal   Summ           ##..         2%          1    #......
b - Call Imp              Summ           ##......     4%          2    ###....
c - Call Canine Familiar  Summ           ##......     7%          3    ###....


Dungeon Overview and Level Annotations

Branches:
Dungeon (6/15)
 Temple: D:4-7

Altars:
Okawaru
Qazlal
The Shining One

Shops:
D:6 *

Annotations:
D:3 RexxRaptorr's ghost, weakling MfIE


Innate Abilities, Weirdness & Mutations

You reflexively headbutt those who attack you in melee.
You have a pair of horns on your head.


Message History

You are feeling hungry.
The hill giant hits you with a giant spiked club!!
Your hound bites the hill giant.
Your hound bites the hill giant but does no damage.
Your white imp hits the hill giant but does no damage.
You feel better.
Your hound bites the hill giant.
Your white imp hits the hill giant.
Your white imp freezes the hill giant.
The hill giant barely misses you.
You slash the hill giant!
The hill giant is poisoned.
The hill giant is moderately wounded.
Your hound bites the hill giant. x2; Your white imp hits the hill giant.
Your white imp freezes the hill giant.
You slash the hill giant!
The hill giant looks as sick as possible!
Your headbutt misses the hill giant.
The hill giant is severely wounded.
Your hound barely misses the hill giant.
The hill giant hits you with a giant spiked club!!!
Ouch! That really hurt!
You die...

#############
#...........#
#.#########.# #.# ##.##
#∩########...#####
#.#...........#..
#.#.######....#.#
##....######.#5#.####
#.............@Ch...#
#.....######..##.##..#
.. #.....######..# .##
#.# #.............. .#.#
#..# #.............# ##
.#...## #.......#####.#
...... #.#.......# #.#
#...# #.##..#.#.###.#
#.<.#
#.......÷<....######...#


You could see a hill giant, a friendly hound and a friendly white imp.

Vanquished Creatures
  The ghost of edsrzf the Conjurer, a novice DsWz of Cheibriados (D:4)
  Sigmund (D:4)
  A phantom (D:5)
  An ice beast (D:3)
  A centaur (D:5)
  A scorpion (D:5)
  2 hounds (D:5)
  An orc wizard (D:4)
  3 iguanas
  4 worker ants
  A worker ant zombie (D:5)
  4 adders
  A shadow imp (D:5)
  An ooze (D:2)
  An adder skeleton (D:4)
  4 dart slugs
  A leopard gecko (D:3)
  11 orcs
  5 giant cockroaches
  6 goblins
  9 hobgoblins
  12 jackals
  6 quokkas
  2 ball pythons
  5 bats
  5 frilled lizards
  6 kobolds
  A leopard gecko skeleton (D:4)
  A quokka zombie (D:6)
  8 rats
106 creatures vanquished.

Vanquished Creatures (collateral kills)
  An orc priest (D:4)
  A worker ant (D:4)
  2 worms (D:3)
  2 orcs (D:4)
  2 goblins (D:5)
  A jackal (D:4)
  A kobold (D:3)
  A quokka (D:4)
  A ball python (D:4)
12 creatures vanquished.

Grand Total: 118 creatures vanquished

Notes
Turn   | Place    | Note
-------+----------+-------------------------------------------
     0 | D:1      | AlphabetPasta the Minotaur Summoner began the quest for the Orb.
     0 | D:1      | Reached XP level 1. HP: 14/14 MP: 1/1
   129 | D:1      | Reached XP level 2. HP: 15/22 MP: 3/3
   153 | D:1      | Learned a level 2 spell: Call Imp
   583 | D:2      | Reached skill level 1 in Armour
   588 | D:2      | Reached skill level 1 in Fighting
   662 | D:2      | Reached skill level 1 in Axes
   984 | D:2      | Reached XP level 3. HP: 24/28 MP: 4/4
  1080 | D:2      | Found a glowing golden altar of the Shining One.
  1508 | D:3      | Reached skill level 2 in Axes
  1743 | D:3      | Reached XP level 4. HP: 32/35 MP: 0/5
  1753 | D:3      | Learned a level 3 spell: Call Canine Familiar
  1937 | D:3      | Noticed an ice beast
  2203 | D:3      | Killed an ice beast
  2203 | D:3      | Reached XP level 5. HP: 13/41 MP: 1/6
  2212 | D:3      | Noticed RexxRaptorr's ghost (weakling MfIE)
  2743 | D:3      | Learned a level 3 spell: Call Canine Familiar
  3001 | D:3      | Upgraded the game from 0.19-a0-1661-ge641b2b to 0.19-a0-1670-gc28a5d9
  3300 | D:4      | Reached skill level 3 in Axes
  3470 | D:4      | Noticed edsrzf's ghost (novice DsWz)
  3474 | D:4      | Killed edsrzf's ghost
  3474 | D:4      | Reached skill level 4 in Axes
  3474 | D:4      | Reached XP level 6. HP: 51/51 MP: 6/8
  3666 | D:4      | Reached XP level 7. HP: 57/57 MP: 9/9
  3762 | D:4      | Noticed Sigmund
  3783 | D:4      | Killed Sigmund
  4347 | D:5      | Entered Level 5 of the Dungeon
  4367 | D:5      | Reached skill level 5 in Axes
  4488 | D:5      | Found a stormy altar of Qazlal.
  4624 | D:5      | Found an iron altar of Okawaru.
  4639 | D:5      | Became a worshipper of Warmaster Okawaru
  4879 | D:5      | Reached skill level 1 in Invocations
  4914 | D:5      | Reached XP level 8. HP: 55/66 MP: 5/10
  5277 | D:6      | Found Ykkirphya's General Store.
  5306 | D:6      | Noticed a hill giant
  5312 | D:6      | Slain by a hill giant

Vault maps used:
D:1:      lightli_arrival_statuegarden
D:2:      tso_altar, grunt_ministairs_11
D:3:      minmay_door_path
D:4:      uniq_sigmund
D:5:      kennysheep_okawaru_gauntlet, first_bread,
          hangedman_abyss_or_decor_stagger, roderic_bali_sauvastika,
          nicolae_qazlal_general_emergency
D:6:      serial_shops, shop, cheibriados_altar_wand_db

Skill      XL: |  1  2  3  4  5  6  7 |
---------------+----------------------+-----
Summonings     | 3 4 |  4.0
Armour         | 1 2 3 4 |  4.3
Fighting       | 1 2 3 4 |  4.1
Axes           | 1 2 4 5 |  5.3
Dodging        | 3 4 |  4.3
Spellcasting   | 2 |  2.5
Invocations    | 1 |  1.3
Stealth        | |  1.5

Action                   |  1- 3 |  4- 6 |  7- 9 || total
-------------------------+-------+-------+-------++-------
Melee: Hand axe          |    64 |       |       ||    64
       Dagger            |     1 |       |       ||     1
       Headbutt          |    13 |    10 |    14 ||    37
       War axe           |    24 |    91 |    78 ||   193
Throw: Tomahawk          |     7 |     1 |       ||     8
 Cast: Call Imp          |     5 |     6 |     9 ||    20
       Call Canine Famil |       |     2 |     4 ||     6
Evoke: Wand              |       |     4 |       ||     4
  Use: Scroll            |       |     8 |       ||     8
       Potion            |       |       |     1 ||     1
 Stab: Sleeping          |     3 |     4 |     1 ||     8
       Distracted        |       |     1 |       ||     1
  Eat: Chunk             |     3 |     6 |     4 ||    13
       Royal jelly       |       |     1 |       ||     1
       Pizza             |       |       |     1 ||     1
Armor: Robe              |    12 |    12 |     4 ||    28
Dodge: Dodged            |    61 |    66 |    54 ||   181
